 Dungeon Crawl Stone Soup version 0.32-a0-43-g058985b245 (webtiles) character file.

Game seed: 9388746115132912038

47427 cforsyth the Warrior (level 14, -12/120 HPs)
             Began as a Djinni Warper on Feb 4, 2024.
             Mangled by a minotaur zombie (20 damage)
             ... in a Gauntlet.
             The game lasted 00:53:19 (29952 turns).

cforsyth the Warrior (Djinni Warper)               Turns: 29952, Time: 00:53:20

Health: -12/120    AC:  8    Str: 10    XL:     14   Next: 81%
Gold:   880        EV: 16    Int: 21    God:
                   SH:  0    Dex: 12

rFire   + + .        q - +2 dagger (protect)
rCold   . . .        (no shield)
rNeg    . . .        b - +0 leather armour {rC+}
rPois   ∞            z - +0 helmet
rElec   .            r - +0 cloak
rCorr   .            C - +2 pair of gloves
SInv    .            (boots unavailable)
Will    +....        l - amulet of the acrobat
Stlth   +            E - +4 ring of slaying
HPRegen 0.40/turn    P - +5 ring of evasion
MPRegen 0.00/turn

%: no teleportation, acrobat, infuse magic (-13 HP)
@: flying, very slightly contaminated
A: sickness immunity, fire resistance 2, cold vulnerability 1, float, innate
caster, HP casting, extra vitality 1
a: no special abilities


You were in a Gauntlet.
You visited 2 branches of the dungeon, and saw 17 of its levels.
You also visited: Ossuary, Bailey and Gauntlet.

You collected 1439 gold pieces.
You spent 559 gold pieces at shops.

Inventory:

Hand Weapons
 q - a +2 dagger of protection (weapon)
 R - the +0 short sword of Runneub {protect, Str+6}
   (You found it in a Gauntlet)

   Str+6:     It affects your strength (+6).
Missiles
 d - 7 darts of dispersal
 y - 6 poisoned darts
 B - 2 atropa-tipped darts
 M - 2 throwing nets
 Z - 5 curare-tipped darts
Armour
 b - a +0 leather armour of cold resistance (worn)
 r - a +0 cloak (worn)
 x - the +2 leather armour of the Fisher {rF+}
   (You bought it in a shop on level 9 of the Dungeon)

   rF+:       It protects you from fire.
 z - a +0 helmet (worn)
 C - a +2 pair of gloves (worn)
Jewellery
 l - an amulet of the acrobat (around neck)
 p - a ring of wizardry
 A - a +6 ring of strength
 E - a +4 ring of slaying (left hand)
 J - a ring of see invisible
 P - a +5 ring of evasion (right hand)
 Q - the ring of Cettogea {rCorr Str+4 Int+2}
   (You found it on level 3 of the Lair of Beasts)

   [ring of resist corrosion]

   Str+4:     It affects your strength (+4).
   Int+2:     It affects your intelligence (+2).
   rCorr:     It protects you from acid and corrosion.
 U - an amulet of faith
 V - a ring of willpower
Wands
 s - a wand of roots (16)
 u - a wand of mindburst (9)
 v - a wand of polymorph (17)
 F - a wand of flame (10)
 G - a wand of light (11)
 S - a wand of paralysis (19)
Scrolls
 c - 2 scrolls of blinking
 e - 2 scrolls of fog
 f - 3 scrolls of poison
 h - 2 scrolls of acquirement {unknown}
 j - 6 scrolls of teleportation
 k - 2 scrolls of vulnerability
 D - 2 scrolls of fear
 H - a scroll of immolation {unknown}
 I - 2 scrolls of summoning
 L - 2 scrolls of amnesia {unknown}
 W - a scroll of identify
 X - a scroll of enchant weapon {unknown}
Potions
 a - 3 potions of resistance
 g - 2 potions of invisibility
 i - 6 potions of haste
 m - 3 potions of mutation
 n - a potion of cancellation
 o - 6 potions of brilliance
 t - 6 potions of enlightenment
 w - 4 potions of curing
 K - 2 potions of might
 N - a potion of attraction {unknown}
 O - a potion of lignification
 T - a potion of heal wounds
Miscellaneous
 Y - a box of beasts


   Skills:
 + Level 17.8 Fighting
 - Level 1.7 Long Blades
 - Level 0.7 Throwing
 - Level 1.0 Armour
 - Level 2.1 Dodging
 + Level 13.8 Spellcasting
 + Level 13.8 Conjurations
 + Level 13.8 Hexes
 + Level 13.8 Summonings
 + Level 13.8 Necromancy
 + Level 13.8 Translocations
 + Level 13.8 Fire Magic
 + Level 13.8 Ice Magic
 + Level 13.8 Air Magic
 + Level 13.8 Earth Magic
 + Level 13.8 Alchemy


You knew the following spells:

 Your Spells              Type           Power      Damage    Failure   Level
a - Blink                 Tloc           100%       N/A       1%          2
b - Lesser Beckoning      Tloc           100%       N/A       1%          2
c - Teleport Other        Tloc           64%        N/A       1%          3
d - Manifold Assault      Tloc           64%        N/A       1%          4
e - Vhi's Electric Charg  Tloc/Air       100%       N/A       1%          4
f - Magic Dart            Conj           100%       1d8       1%          1
g - Ensorcelled Hibernat  Hex/Ice        100%       N/A       1%          2
h - Frozen Ramparts       Ice            100%       1d16      1%          3
i - Summon Blazeheart Go  Fire/Summ      64%        N/A       1%          4
j - Curse of Agony        Necr           64%        N/A       1%          5
k - Irradiate             Conj/Alch      32%        3d22      1%          5
Your spell library was empty.

Dungeon Overview and Level Annotations

Branches:
Dungeon (12/15)            Temple (0/1) D:7            Lair (5/5) D:10
 Shoals (0/4) Lair:3       Spider (0/4) Lair:2        Slime (0/5) Lair:5
    Orc (0/2) D:9         Ossuary (visited)          Bailey (visited)
Gauntlet (1/1)

Altars:
Dithmenos
Makhleb
Okawaru
Qazlal
Trog
Uskayaw
Wu Jian
Xom
Yredelemnul
Jiyva

Shops:
D:7 *   D:9 [!

Annotations:
D:7 1 runed translucent door
D:12 2 transporters, Gangsterbeez's ghost, journeyman MiBe Gauntlet 4 transporters


Innate Abilities, Weirdness & Mutations

You are immune to sickness and miasma.
You are immune to poison.
Your flesh is very heat resistant. (rF++)
You are vulnerable to cold. (rC-)
You float through the air rather than walking.
You learn spells naturally, not from books.
Your magical power is your life essence.
You have superior vitality. (+4 MHP)


Message History

The magic dart hits the minotaur zombie but does no damage.
The minotaur zombie is almost destroyed.
* * * LOW HITPOINT WARNING * * *
The minotaur zombie completely resists.
The wall freezes the minotaur zombie but does no damage.
The minotaur zombie misses you. The minotaur zombie barely misses you.
Casting: Magic Dart (safe; 1% risk of failure)
Confirm with . or Enter, or press ? or * to list all spells.
Aiming: Magic Dart (safe; 1% risk of failure)
Press: ? - help, Shift-Dir - straight line, f/p - minotaur zombie
Aim: a minotaur zombie (almost destroyed, 100% to hit)
The magic dart hits the minotaur zombie.
The minotaur zombie is almost destroyed.
* * * LOW HITPOINT WARNING * * *
Casting: Magic Dart (safe; 1% risk of failure)
Confirm with . or Enter, or press ? or * to list all spells.
Aiming: Magic Dart (safe; 1% risk of failure)
Press: ? - help, Shift-Dir - straight line, f/p - minotaur zombie
Aim: a minotaur zombie (almost destroyed, 100% to hit)
The magic dart hits the minotaur zombie.
The minotaur zombie is almost destroyed.
* * * LOW HITPOINT WARNING * * *
The frozen ramparts melt away.
The minotaur zombie hits you!
* * * LOW HITPOINT WARNING * * *
The minotaur zombie misses you.
Casting: Magic Dart (safe; 1% risk of failure)
Confirm with . or Enter, or press ? or * to list all spells.
You blink.
* * * LOW HITPOINT WARNING * * *
Casting: Blink (safe; 1% risk of failure)
Confirm with . or Enter, or press ? or * to list all spells.
Okay, then.
Aiming: Bolt of Light
Press: ? - help, Shift-Dir - straight line, f/p - minotaur zombie
Aim: a minotaur zombie (almost destroyed, 94% to hit)
The bolt of light hits the minotaur zombie.
The minotaur zombie is almost destroyed.
You feel ready to blink again. The minotaur zombie hits you!!
You die...

.#.## ## (#..###≈##
##...#≈≈≈# 8#...#...#
### ©#.8.#...# ..#
8#.⌠.#.8.##.#.# ###
##.8.#.©....#.# #.#
.#...#.8.##.#.####'##
.#...#.©.##...##@Z⌠.#
.#.8.#.8.##.#.##∩...#
.#.∩.#.©....#.'....⌠+
.#.8.#.8.##.#|##.⌠..#
.#...#.©.##...###+###
.#...#.8.##.#.#
##.8.#.©....#.#
8#.⌠.#.8.##.#.#
©#.8.#...##...#


You could see a minotaur zombie.

Vanquished Creatures
  Frances (D:12)
  A minotaur (Gauntlet)
  A blizzard demon (Gauntlet)
  2 hydras (Lair:3)
  A centaur warrior (D:9)
  A two-headed ogre (D:9)
  A boulder beetle (Lair:4)
  6 death yaks
  4 skysharks
  3 sixfirhies (Gauntlet)
  Pikel (D:8)
  An arcanist (Gauntlet)
  2 orc knights (Bailey)
  An ugly thing (D:9)
  A cyclops (D:11)
  3 manticores
  7 black mambas
  An ice statue (Gauntlet)
  2 orange demons (D:12)
  A torpor snail (Gauntlet)
  11 cane toads
  2 gargoyles
  Maggie (D:7)
  Jeremiah (D:6)
  2 komodo dragons
  6 rime drakes
  Psyche (D:8)
  4 red devils (D:12)
  A hornet (D:9)
  15 blink frogs
  3 trolls
  A polar bear (Lair:4)
  Prince Ribbit (D:7)
  A spriggan (shapeshifter) (D:12)
  2 jumping spiders (Lair:2)
  44 yaks
  A wyvern (Lair:2)
  A wraith (D:12)
  Eustachio (D:5)
  3 basilisks
  2 steam dragons
  An acid dragon (D:11)
  7 water moccasins
  2 black bears
  A sky beast (D:7)
  8 orc warriors
  13 wolves
  3 ogres
  6 centaurs
  A phantom (D:4)
  A weeping skull (Ossuary)
  A gnoll sergeant (D:9)
  14 bullfrogs
  2 scorpions (D:6)
  8 water moccasin zombies (Ossuary)
  9 wights
  9 killer bees (D:8)
  7 howler monkeys
  2 electric eels (D:10)
  2 bombardier beetles
  11 hounds
  6 orc priests
  4 jellies
  3 iguanas
  A sleepcap (D:5)
  Ijyb (D:5)
  Natasha (D:2)
  6 orc wizards
  A bullfrog simulacrum (Ossuary)
  A crocodile zombie (Ossuary)
  2 mummies (Ossuary)
  4 gnolls
  5 adders
  2 shadow imps
  2 white imps (D:6)
  2 ufetubi (D:6)
  4 adder zombies (Ossuary)
  2 dart slugs
  2 ribbon worms
  37 orcs
  14 endoplasms
  A giant cockroach (D:1)
  11 gnoll zombies (Ossuary)
  10 goblins
  8 hobgoblins
  4 jackals (D:4)
  3 quokkas
  3 ball pythons
  A bat (D:2)
  4 frilled lizards (D:2)
  8 jackal zombies (Ossuary)
  14 kobolds
  An orc zombie (Ossuary)
  3 rats
424 creatures vanquished.

Vanquished Creatures (collateral kills)
  A swamp drake (D:9)
  A scorpion (D:6)
  4 wights
  A killer bee (D:8)
  An orc wizard (D:9)
  An orc (D:9)
9 creatures vanquished.

Vanquished Creatures (others)
  21 blazeheart cores
21 creatures vanquished.

Grand Total: 454 creatures vanquished

Notes
Turn   | Place    | Note
-------+----------+-------------------------------------------
     0 | D:1      | cforsyth the Djinni Warper began the quest for the Orb.
     0 | D:1      | cforsyth set off with the following spells memorised:
                  | Blink, Lesser Beckoning, Teleport Other, Manifold Assault,
                  | Vhi's Electric Charge.
     0 | D:1      | Reached XP level 1. HP: 18/18 MP: 0/0
   454 | D:1      | Reached XP level 2. HP: 23/23 MP: 0/0
  1226 | D:1      | Reached XP level 3. HP: 22/29 MP: 0/0
  1226 | D:1      | Learned a level 1 spell: Magic Dart
  1439 | D:2      | Reached skill level 3 in Fighting
  1489 | D:2      | Reached XP level 4. HP: 28/35 MP: 0/0
  1674 | D:2      | Noticed Natasha
  1679 | D:2      | Killed Natasha
  1680 | D:2      | Reached XP level 5. HP: 30/41 MP: 0/0
  1680 | D:2      | Learned a level 2 spell: Ensorcelled Hibernation
  2459 | D:3      | Found a shadowy altar of Dithmenos.
  3017 | D:4      | Found a sand-covered staircase.
  3058 | Ossuary  | Entered an ossuary
  3069 | Ossuary  | Reached skill level 4 in Fighting
  3135 | Ossuary  | Reached XP level 6. HP: 38/48 MP: 0/0
  3505 | Ossuary  | Reached skill level 5 in Fighting
  3698 | Ossuary  | Reached XP level 7. HP: 6/54 MP: 0/0
  3698 | Ossuary  | Learned a level 3 spell: Frozen Ramparts
  4392 | Ossuary  | Reached skill level 5 in Spellcasting
  4392 | Ossuary  | Reached skill level 5 in Conjurations
  4392 | Ossuary  | Reached skill level 5 in Hexes
  4392 | Ossuary  | Reached skill level 5 in Summonings
  4392 | Ossuary  | Reached skill level 5 in Necromancy
  4392 | Ossuary  | Reached skill level 5 in Translocations
  4392 | Ossuary  | Reached skill level 5 in Fire Magic
  4392 | Ossuary  | Reached skill level 5 in Ice Magic
  4392 | Ossuary  | Reached skill level 5 in Air Magic
  4392 | Ossuary  | Reached skill level 5 in Earth Magic
  4392 | Ossuary  | Reached skill level 5 in Alchemy
  4420 | Ossuary  | Reached skill level 6 in Fighting
  4637 | Ossuary  | Reached XP level 8. HP: 52/61 MP: 0/0
  4985 | D:4      | Found a hide-covered altar of Uskayaw.
  5353 | D:4      | Found a stormy altar of Qazlal.
  5525 | D:5      | Entered Level 5 of the Dungeon
  5653 | D:5      | Noticed Eustachio
  5789 | D:5      | Killed Eustachio
  5790 | D:5      | Reached skill level 7 in Fighting
  6180 | D:5      | Noticed Ijyb
  6209 | D:5      | HP: 3/64 [constriction (6)]
  6216 | D:5      | Killed Ijyb
  6883 | D:6      | Reached XP level 9. HP: 62/70 MP: 0/0
  6883 | D:6      | Learned a level 4 spell: Summon Blazeheart Golem
  7089 | D:6      | Noticed Jeremiah
  7126 | D:6      | Killed Jeremiah
  7127 | D:6      | Reached skill level 8 in Fighting
  7431 | D:6      | Identified the +0 ring mail of the Vaults {Fly rF+}
  7747 | D:7      | Noticed Prince Ribbit
  7753 | D:7      | Killed Prince Ribbit
  7756 | D:7      | Reached skill level 9 in Fighting
  8097 | D:7      | Found a staircase to the Ecumenical Temple.
  8409 | D:7      | Found Hyhov's General Store.
  8415 | D:7      | Bought a scroll of teleportation for 48 gold pieces
  8676 | D:7      | Noticed Maggie
  8686 | D:7      | Killed Maggie
  8687 | D:7      | Reached XP level 10. HP: 63/79 MP: 0/0
  8827 | D:7      | Found a runed translucent door.
  9348 | D:7      | Found a burning altar of Makhleb.
  9348 | D:7      | Noticed a sixfirhy
  9387 | D:8      | Found an iron altar of Okawaru.
  9398 | D:8      | Reached skill level 10 in Fighting
  9420 | D:8      | Found a flagged portal.
  9482 | Bailey   | Entered a bailey
  9505 | Bailey   | Noticed an orc knight
  9566 | Bailey   | Killed an orc knight
  9784 | Bailey   | Noticed an orc knight
  9993 | Bailey   | Killed an orc knight
 10012 | Bailey   | Reached skill level 11 in Fighting
 10799 | D:8      | Noticed Psyche
 10808 | D:8      | Killed Psyche
 10817 | D:8      | Noticed Pikel
 10825 | D:8      | Killed Pikel
 10826 | D:8      | Reached XP level 11. HP: 58/89 MP: 0/0
 10826 | D:8      | Learned a level 5 spell: Curse of Agony
 10830 | D:8      | Noticed a manticore
 10838 | D:8      | Killed a manticore
 11127 | D:8      | Reached skill level 12 in Fighting
 11286 | D:9      | Found Dolikino's Distillery.
 11315 | D:9      | Noticed a brown ugly thing
 11324 | D:9      | Killed a brown ugly thing
 11360 | D:9      | Bought a potion of haste for 120 gold pieces
 11454 | D:9      | Found Gamupp Woahy's Antique Armour Boutique.
 11459 | D:9      | Bought a steaming leather armour for 189 gold pieces
 11459 | D:9      | Identified the +2 leather armour of the Fisher {rF+} (You
                  | bought it in a shop on level 9 of the Dungeon)
 11459 | D:9      | Bought a pair of glowing gloves for 202 gold pieces
 11657 | D:9      | Noticed a centaur warrior
 11665 | D:9      | Killed a centaur warrior
 12224 | D:9      | Reached skill level 10 in Spellcasting
 12224 | D:9      | Reached skill level 10 in Conjurations
 12224 | D:9      | Reached skill level 10 in Hexes
 12224 | D:9      | Reached skill level 10 in Summonings
 12224 | D:9      | Reached skill level 10 in Necromancy
 12224 | D:9      | Reached skill level 10 in Translocations
 12224 | D:9      | Reached skill level 10 in Fire Magic
 12224 | D:9      | Reached skill level 10 in Ice Magic
 12224 | D:9      | Reached skill level 10 in Air Magic
 12224 | D:9      | Reached skill level 10 in Earth Magic
 12224 | D:9      | Reached skill level 10 in Alchemy
 12750 | D:9      | Noticed a two-headed ogre
 12758 | D:9      | Killed a two-headed ogre
 12759 | D:9      | Reached skill level 13 in Fighting
 12940 | D:9      | Found a staircase to the Orcish Mines.
 13222 | D:10     | Entered Level 10 of the Dungeon
 13222 | D:10     | Found a basalt altar of Yredelemnul.
 13267 | D:9      | Reached XP level 12. HP: 70/98 MP: 0/0
 15407 | D:10     | Found a shimmering altar of Xom.
 15407 | D:10     | Found a shimmering altar of Xom.
 15408 | D:10     | Found a shimmering altar of Xom.
 15408 | D:10     | Found a shimmering altar of Xom.
 15539 | D:10     | Found an ornate altar of the Wu Jian Council.
 15612 | D:10     | Found a staircase to the Lair.
 16113 | D:11     | Reached skill level 14 in Fighting
 18467 | D:12     | Noticed a tengu warrior
 18469 | D:12     | Noticed a two-headed ogre
 18469 | D:12     | Noticed Gangsterbeez's ghost (journeyman MiBe)
 18469 | D:12     | Noticed a two-headed ogre
 18470 | D:12     | Noticed a stone giant
 18471 | D:12     | Noticed a two-headed ogre
 18471 | D:12     | Noticed a two-headed ogre
 18480 | D:12     | Found a transporter.
 18487 | D:12     | Found a bloodstained altar of Trog.
 18487 | D:12     | Noticed a two-headed ogre
 18487 | D:12     | Noticed a two-headed ogre
 18498 | D:12     | Found a transporter.
 18526 | D:12     | Noticed Frances
 18539 | D:12     | Killed Frances
 18702 | D:12     | Reached XP level 13. HP: 96/106 MP: 0/0
 18702 | D:12     | Learned a level 5 spell: Irradiate
 18969 | Lair:1   | Entered Level 1 of the Lair of Beasts
 19037 | Lair:1   | Reached skill level 15 in Fighting
 21391 | Lair:2   | Identified the +0 chain mail of the Carved God {rN+ Str+5
                  | Dex-5}
 21446 | Lair:2   | Reached skill level 16 in Fighting
 22240 | Lair:2   | Found a hole to the Spider Nest.
 23153 | Lair:2   | Found a hole to the Spider Nest.
 23992 | Lair:3   | Noticed a seven-headed hydra
 25048 | Lair:3   | Reached XP level 14. HP: 109/117 MP: 0/0
 25097 | Lair:3   | Identified the ring of Cettogea {rCorr Str+4 Int+2}
 25631 | Lair:3   | Found a staircase to the Shoals.
 25646 | Lair:3   | You are sucked into a shaft and drop 1 floor!
 25781 | Lair:4   | Reached skill level 17 in Fighting
 27834 | Lair:5   | Entered Level 5 of the Lair of Beasts
 27961 | Lair:5   | Found a staircase to the Slime Pits.
 27961 | Lair:5   | Found a viscous altar of Jiyva.
 28005 | Lair:5   | Found a gate leading to a gauntlet.
 28012 | Gauntlet | Entered a Gauntlet
 28012 | Gauntlet | Found a transporter.
 28243 | Gauntlet | Found a transporter.
 28243 | Gauntlet | Found a transporter.
 28244 | Gauntlet | Found a transporter.
 28255 | Gauntlet | Found a transporter.
 28255 | Gauntlet | Found a transporter.
 28256 | Gauntlet | Found a transporter.
 28268 | Gauntlet | Found a transporter.
 28269 | Gauntlet | Found a transporter.
 28281 | Gauntlet | Found a transporter.
 28282 | Gauntlet | Found a transporter.
 28283 | Gauntlet | Found a transporter.
 28290 | Gauntlet | Found a transporter.
 28336 | Gauntlet | Found a transporter.
 28349 | Gauntlet | Found a runed translucent door.
 29455 | Gauntlet | Identified the +0 short sword of Runneub {protect, Str+6}
 29861 | Gauntlet | Noticed a minotaur
 29881 | Gauntlet | Killed a minotaur
 29952 | Gauntlet | Mangled by a minotaur zombie

Illustrated notes

Levels and vault maps discovered:
D:1:      matt_arrival_spirals, layout_basic
D:2:      layout_rooms, uniq_natasha
D:3:      layout_loops_corners, nicolae_dithmenos_the_darkroom
D:4:      layout_loops_cross, nicolae_qazlal_scattered_showers,
          kennysheep_little_box, lightli_ossuary_entry_decrepit_ruins
D:5:      layout_rooms, nicolae_overflow_crystal_walls,
          kennysheep_windowed_goal, uniq_ijyb, uniq_eustachio
D:6:      layout_loops_ring, nicolae_concentric_dashed_squares_mild,
          uniq_jeremiah
D:7:      layout_loops_cross, nzn_makhleb_speed_demon,
          minmay_temple_entry_glassed_door, serial_shops, shop, uniq_maggie,
          uniq_prince_ribbit1
D:8:      layout_loops_ring, okawaru_trees_2, enter_bailey_7, uniq_pikel,
          uniq_psyche
D:9:      layout_rooms, erik_orc_1, serial_shops,
          nicolae_shop_tiny_real_fake_doors, nicolae_diamond_shop
D:10:     layout_rooms, lemuel_crystal_altar, yredelemnul_altar_generic,
          xom_shifter_show, erik_lair_island,
          amcnicky_mini_rare_corridor_liquid, lemuel_flamethrower_hall
D:11:     layout_loops_ring
D:12:     layout_basic, gammafunk_ghost_wrathful_warriors,
          minmay_beelzebubs_servants, uniq_frances
Lair:1:   layout_chaotic_city, grunt_megastairs_1
Lair:2:   layout_small_grid, spider_nest_entry_rubble, serial_bayou_shore_a,
          grunt_megastairs_2, infiniplex_staircase_pool
Lair:3:   layout_gridlike, minmay_shoals_entry_centaurs, minivault_11,
          grunt_megastairs_5
Lair:4:   layout_roguey
Lair:5:   minmay_lair_end_enchanted_forest, layout_cave_pods,
          nicolae_slime_entry_slimehenge, gauntlet_entry_generic
Gauntlet: gammafunk_gauntlet_77_escape_option [minmay_gauntlet_arena_77_box,
          minmay_gauntlet_arena_77_path,
          minmay_gauntlet_arena_77_radiant_squares,
          minmay_gauntlet_arena_77_p_blocks,
          minmay_gauntlet_arena_77_broken_ladder, gauntlet_exit_hidden_loot]

Skill      XL: |  1  2  3  4  5  6  7  8  9 10 11 12 13 14 |
---------------+-------------------------------------------+-----
Spellcasting   | 3 4 5 6 7 9 10 11 12 13 | 13.8
Conjurations   | 3 4 5 6 7 9 10 11 12 13 | 13.8
Hexes          | 3 4 5 6 7 9 10 11 12 13 | 13.8
Summonings     | 3 4 5 6 7 9 10 11 12 13 | 13.8
Necromancy     | 3 4 5 6 7 9 10 11 12 13 | 13.8
Translocations | 3 4 5 6 7 9 10 11 12 13 | 13.8
Fire Magic     | 3 4 5 6 7 9 10 11 12 13 | 13.8
Ice Magic      | 3 4 5 6 7 9 10 11 12 13 | 13.8
Air Magic      | 3 4 5 6 7 9 10 11 12 13 | 13.8
Earth Magic    | 3 4 5 6 7 9 10 11 12 13 | 13.8
Alchemy        | 3 4 5 6 7 9 10 11 12 13 | 13.8
Fighting       | 3 4 5 6 7 9 11 13 14 16 17 | 17.8
Long Blades    | |  1.7
Throwing       | |  0.7
Armour         | |  1.0
Dodging        | |  2.1

Action                     |  1- 3 |  4- 6 |  7- 9 | 10-12 | 13-15 || total
---------------------------+-------+-------+-------+-------+-------++-------
  Melee: Falchion          |    43 |       |       |       |       ||    43
         Dagger            |       |    10 |   246 |    33 |    46 ||   335
         Punch             |       |       |     6 |       |       ||     6
   Cast: Magic Dart        |    33 |   194 |   254 |   457 |   409 ||  1347
         Blink             |       |       |     4 |     3 |     2 ||     9
         Frozen Ramparts   |       |       |    21 |    60 |    71 ||   152
         Manifold Assault  |       |       |     1 |       |       ||     1
         Lesser Beckoning  |       |       |     2 |     4 |     3 ||     9
         Summon Blazeheart |       |       |     2 |    30 |     6 ||    38
         Ensorcelled Hiber |       |       |       |     2 |       ||     2
         Curse of Agony    |       |       |       |     2 |       ||     2
         Irradiate         |       |       |       |       |    44 ||    44
  Evoke: Wand              |       |       |    10 |     1 |     2 ||    13
    Use: Scroll            |       |     5 |     6 |     4 |     4 ||    19
         Potion            |       |     7 |     1 |       |     5 ||    13
 Armour: Leather armour    |    30 |    89 |   212 |   192 |   304 ||   827
         Steam dragon scal |       |       |       |    38 |       ||    38
  Dodge: Dodged            |    31 |    72 |   197 |   213 |   285 ||   798

Table legend: (Time is in decaauts)
 A = Elapsed time spent in this place.
 B = Non-inter-level travel time spent in this place.
 C = Inter-level travel time spent in this place.
 D = Time resting spent in this place.
 E = Time spent auto-exploring this place.
 F = Levels seen in this place.
 G = Mean time per level.
                   A        B        C        D        E       F      G
               +--------+--------+--------+--------+--------+-----+--------+
         Total |  29973 |  29189 |    784 |   7619 |  17035 |  20 | 1498.7 |
       Dungeon |  16422 |  15782 |    640 |   3156 |  10480 |  12 | 1368.5 |
          Lair |   9053 |   8910 |    143 |   2704 |   4895 |   5 | 1810.6 |
       Ossuary |   1801 |   1801 |      0 |    492 |    836 |   1 | 1801.0 |
        Bailey |    749 |    749 |      0 |    165 |    297 |   1 |  749.0 |
      Gauntlet |   1946 |   1946 |      0 |   1102 |    527 |   1 | 1946.0 |
               +--------+--------+--------+--------+--------+-----+--------+

Top non-repeatable levels by time:
  Lair:2: 3654 daAuts
     D:9: 3279 daAuts
  Lair:1: 2317 daAuts
Gauntlet: 1946 daAuts
 Ossuary: 1801 daAuts
     D:8: 1698 daAuts
  Lair:4: 1656 daAuts
    D:11: 1522 daAuts
    D:12: 1467 daAuts
     D:7: 1397 daAuts
     D:1: 1258 daAuts
  Lair:3: 1247 daAuts
     D:5: 1187 daAuts
     D:3: 1071 daAuts
     D:6: 1025 daAuts
